 Dungeon Crawl Stone Soup version 0.21-a0-414-gba8bdf1 (webtiles) character file.

184 StormFighter the Chopper (level 5, 0/41 HPs)
             Began as a Formicid Fighter on Nov 2, 2017.
             Slain by a frilled lizard (2 damage)
             ... on level 3 of the Dungeon.
             The game lasted 00:03:48 (1936 turns).

StormFighter the Chopper (Formicid Fighter)         Turns: 1936, Time: 00:03:49

Health: 0/41       AC: 11    Str: 21    XL:     5   Next: 96%
Magic:  5/5        EV:  4    Int:  8    God:
Gold:   140        SH:  9    Dex: 10    Spells: 4/4 levels left

rFire    . . .     SeeInvis +   a - +0 war axe
rCold    . . .     Gourm    .   c - +0 shield
rNeg     . . .     Faith    .   j - +0 plate armour
rPois    .         Spirit   .   (helmet unavailable)
rElec    .         Reflect  .   (no cloak)
rCorr    .         Harm     .   (no gloves)
MR       .....                  (no boots)
Stlth    ..........             (no amulet)
HPRegen  0.13/turn              (no ring)
MPRegen  0.09/turn              (no ring)

@: no status effects
A: permanent stasis, dig shafts and tunnels, four strong arms, antennae 3
a: Dig, Shaft Self


You were on level 3 of the Dungeon.
You were not hungry.

You visited 1 branch of the dungeon, and saw 3 of its levels.

You collected 140 gold pieces.

Inventory:

Hand Weapons
 a - a +0 war axe (weapon)
Missiles
 i - 30 arrows
Armour
 c - a +0 shield (worn)
 j - a +0 plate armour (worn)
Wands
 k - a wand of polymorph (14/24)
Scrolls
 e - a scroll of amnesia {unknown}
 l - a scroll of fog {unknown}
 m - a scroll of teleportation {unknown}
 n - a scroll of blinking {unknown}
Potions
 b - a potion of agility {unknown}
 d - 2 potions of might
 g - 2 potions of invisibility {unknown}
 h - 2 potions of magic {unknown}
 o - a potion of haste {unknown}
 p - a potion of heal wounds {unknown}
Comestibles
 f - 2 bread rations
 q - 4 fruits
 r - a chunk of flesh


   Skills:
 - Level 3.2 Fighting
 + Level 5.7 Axes
 - Level 3.2 Armour
 - Level 3.6 Shields


You had 4 spell levels left.
You didn't know any spells.

Dungeon Overview and Level Annotations

Branches:
Dungeon (3/15)

Altars:


Innate Abilities, Weirdness & Mutations

You cannot be hasted, slowed, berserked, paralysed or teleported.
You can dig through walls and to a lower floor.
Your four strong arms can wield two-handed weapons with a shield.
You have a pair of large antennae on your head. (SInv)


Message History

Your plate armour prevents you from hitting the orc wizard.
The centaur hits you but does no damage.
The orc priest mumbles some strange prayers to Beogh against you.
Beogh smites you!
* * * LOW HITPOINT WARNING * * *
You block the orc wizard's attack.
The centaur hits you but does no damage.
Unknown command.
You hit the orc priest.
You kill the orc priest!
You slash the orc wizard! You hit the centaur. You block the centaur's attack.
The orc wizard gestures wildly while chanting.
The orc wizard flickers and vanishes for a moment.
The centaur hits you.
* * * LOW HITPOINT WARNING * * *
You hit the orc wizard.
You kill the orc wizard!
You hit the centaur. You completely miss the frilled lizard.
You block the centaur's attack. The frilled lizard bites you.
You die...

### #.# #.# #
######.###########.####.
#...............@l......
#.#.......(....!c)......
#.#.....................
#.#.....................
#.#.....................
..#.....................
..+.....................
..#.........>...........
...........


You could see a centaur and a frilled lizard.

Vanquished Creatures
  2 orc priests (D:3)
  An orc wizard (D:3)
  3 adders
  A worm (D:2)
  2 dart slugs (D:3)
  4 leopard geckos
  4 orcs (D:3)
  12 bats
  3 giant cockroaches
  3 goblins
  7 hobgoblins
  A quokka (D:3)
  5 frilled lizards
  5 kobolds
  13 rats
66 creatures vanquished.

Notes
Turn   | Place    | Note
-------+----------+-------------------------------------------
     0 | D:1      | StormFighter the Formicid Fighter began the quest for the Orb.
     0 | D:1      | Reached XP level 1. HP: 18/18 MP: 1/1
    98 | D:1      | Reached XP level 2. HP: 17/24 MP: 2/2
   162 | D:1      | Reached skill level 3 in Axes
   349 | D:1      | Reached XP level 3. HP: 28/29 MP: 3/3
   894 | D:2      | Reached skill level 4 in Axes
   894 | D:2      | Reached XP level 4. HP: 26/35 MP: 4/4
  1466 | D:3      | Reached XP level 5. HP: 4/41 MP: 5/5
  1744 | D:3      | Found a faded altar of an unknown god.
  1844 | D:3      | Reached skill level 5 in Axes
  1929 | D:3      | Noticed a centaur
  1935 | D:3      | HP: 2/41 [centaur (1)]
  1936 | D:3      | Slain by a frilled lizard

Vault maps used:
D:1:      dpeg_arrival_rhombi
D:3:      chequers_ecumenical_altar_island

Skill      XL: |  1  2  3  4  5 |
---------------+----------------+-----
Axes           | 3 4 5 |  5.7
Fighting       | |  3.2
Armour         | |  3.2
Shields        | |  3.6

Action                   |  1- 3 |  4- 6 || total
-------------------------+-------+-------++-------
Melee: War axe           |    99 |    85 ||   184
 Abil: Dig               |     1 |     2 ||     3
  Eat: Chunk             |       |     4 ||     4
Armor: Scale mail        |    31 |       ||    31
       Plate armour      |    28 |    66 ||    94
Dodge: Dodged            |    21 |    15 ||    36
Block: Shield            |    57 |    37 ||    94

Table legend:
 A = Spawn XP
 B = Non-spawn XP
 C = Spawn XP percentage of total XP
 D = Spawn monster count
 E = Non-spawn monster count
 F = Spawn count percentage of total count
 G = Total turns spent on level
                    A         B        C        D         E        F      G
               +---------+---------+-------+---------+---------+-------+---------
         Total |       0 |     264 |   0.0 |       0 |      66 |   0.0 |  1936
               +---------+---------+-------+---------+---------+-------+---------
           D:1 |       0 |      46 |   0.0 |       0 |      28 |   0.0 |   747
           D:2 |       0 |      37 |   0.0 |       0 |      15 |   0.0 |   689
           D:3 |       0 |     181 |   0.0 |       0 |      23 |   0.0 |   500
               +---------+---------+-------+---------+---------+-------+---------
